 Dungeon Sprint DCSS version bcrawl-1.20.1-3-gdcb1fc31ed (webtiles) character file.

Game seed: 5759249917738573046

4588 Freyura the Bludgeoner (level 10, -2/68 HPs)
             Began as a Skeleton Fighter on Feb 4, 2020.
             Was a Priest of Ru.
             Slain by a komodo dragon (14 damage)
             ... in the Dungeon (Sprint IX: "|||||||||||||||||||||||||||||").
             The game lasted 00:05:49 (637 turns).

Freyura the Bludgeoner (Skeleton Fighter)            Turns: 637, Time: 00:05:49

Health: -2/68      AC: 23    Str: 29    XL:     10   Next: 18%
Magic:  0/10       EV: 14    Int:  7    God:    Ru [***...]
Gold:   11         SH:  0    Dex: 11    Spells: 9/9 levels left

rFire    . . .     SeeInvis .   h - +4 dire flail (protect)
rCold    + . .     Gourm    .   (shield currently unavailable)
rNeg     + + +     Faith    .   l - +0 plate armour
rPois    ∞         Spirit   +   (no helmet)
rElec    .         Reflect  .   (no cloak)
rCorr    .         Harm     .   (no gloves)
MR       .....     NoTele   +   i - +0 pair of boots
Stlth    ..........             (no amulet)
HPRegen  1.21/turn              j - +3 ring of strength
MPRegen  0.12/turn              k - +3 ring of strength

@: protection aura
A: no food or potions, cold resistance 1, deterioration 1, negative energy
resistance 3, powered by death 1, torment resistance, unbreathing, magic shield,
magic vulnerability 1, inexperienced 1, sturdy frame 2, spell healing
a: Draw Out Power, Renounce Religion


You were in the Dungeon.
You worshipped Ru.
Ru was most pleased with you.
You were not hungry.

You visited 1 branch You collected 11 gold pieces.

Inventory:

Hand Weapons
 a - a +0 flail
 h - a +4 dire flail of protection (weapon)
Armour
 b - a +0 scale mail
 c - a +0 shield
 i - a +0 pair of boots (worn)
 l - a +0 plate armour (worn)
Jewellery
 j - a +3 ring of strength (left hand)
 k - a +3 ring of strength (right hand)
Wands
 g - a wand of acid (10)
Scrolls
 d - 3 scrolls of blinking
 e - 4 scrolls of remove curse
 f - 2 scrolls of amnesia
 m - 2 scrolls of fog


   Skills:
 + Level 10.6 Fighting
 * Level 16.4 Maces & Flails
 + Level 11.4 Armour
 + Level 10.1 Dodging
 + Level 12.3 Shields


You had 9 spell levels left.
You didn't know any spells.
Your spell library was empty.

Dungeon Overview and Level Annotations

Branches:
Dungeon (1/1)

Altars:
Cheibriados
Dithmenos
Elyvilon
Fedhas
Gozag
Hepliaklqana
Kikubaaqudgha
Lugonu
Makhleb
Nemelex Xobeh
Okawaru
Qazlal
Ru
Sif Muna
Trog
Uskayaw
Vehumet
Wu Jian
Xom
Yredelemnul
Zin
The Shining One
Beogh
Jiyva


Innate Abilities, Weirdness & Mutations

You do not eat or drink.
You are immune to poison.
Your flesh is cold resistant. (rC+)
Your body sometimes deteriorates upon taking damage.
You are immune to negative energy. (rN+++)
You regenerate a little health from kills.
You are immune to unholy pain and torment.
You can survive without breathing.
When hurt, damage is shared between your health and your magic reserves.
You are slightly vulnerable to magic. (MR-)
You are somewhat inexperienced. (-2 XL)
Your movements are less encumbered by armour. (ER -4)
Casting spells heals you.


Message History

The crocodile is lightly wounded.
You closely miss the crocodile.
The crocodile is lightly wounded.
The crocodile barely misses you.
You hit the crocodile but do no damage.
The crocodile is lightly wounded.
Your plate armour prevents you from hitting the crocodile.
The crocodile is lightly wounded.
The crocodile is stunned by your will and fails to attack.
You thump the crocodile!
The crocodile is severely wounded.
The crocodile closely misses you.
You puncture the crocodile!
You kill the crocodile!
You hit the komodo dragon.
The komodo dragon is lightly wounded.
You barely miss the komodo dragon.
The komodo dragon is lightly wounded.
The komodo dragon bites you!
You die...

▓_▓.▓.▓
▓_▓.▓.▓
▓_▓.▓.▓
▓_▓.▓.▓
▓_▓.▓.▓
▓_▓.▓.▓
▓_▓.▓.▓
▓_▓.▓.▓
▓_▓.▓@▓
▓_▓.▓l▓
▓_▓.▓.▓
▓_▓.▓.▓
▓_▓.▓.▓
▓_▓.▓.▓
▓_▓.▓.▓
▓_▓.▓.▓
▓_▓.▓


You could see a komodo dragon.

Vanquished Creatures
  A hydra (D)
  2 cyclopes (D)
  4 cane toads (D)
  2 hippogriffs (D)
  2 yaks (D)
  A basilisk (D)
  A steam dragon (D)
  2 hungry ghosts (D)
  4 crocodiles (D)
  An ice beast (D)
  2 porcupines (D)
  A sky beast (D)
  A centaur (D)
  2 bullfrogs (D)
  2 scorpions (D)
  A hound (D)
  An iguana (D)
  An adder (D)
  A shadow imp (D)
  An ooze (D)
  A bat (D)
  A hobgoblin (D)
  A jackal (D)
  A frilled lizard (D)
  A goblin (D)
  A quokka zombie (D)
39 creatures vanquished.

Notes
Turn   | Place    | Note
-------+----------+-------------------------------------------
     0 | D        | Freyura the Skeleton Fighter began the quest for the Orb.
     0 | D        | Reached XP level 1. HP: 14/14 MP: 1/1
     8 | D        | Reached skill level 3 in Maces & Flails
     8 | D        | Reached skill level 1 in Dodging
    18 | D        | Reached XP level 2. HP: 17/19 MP: 0/2
    48 | D        | Noticed a scorpion
    48 | D        | Noticed a scorpion
    48 | D        | Noticed an ice beast
    50 | D        | Reached skill level 5 in Maces & Flails
    50 | D        | Reached XP level 3. HP: 23/24 MP: 3/3
    55 | D        | Killed a scorpion
    55 | D        | Reached skill level 6 in Maces & Flails
    55 | D        | Reached skill level 5 in Armour
    55 | D        | Reached skill level 5 in Shields
    55 | D        | Reached XP level 4. HP: 27/30 MP: 2/4
    63 | D        | Reached skill level 5 in Fighting
    63 | D        | Reached skill level 7 in Maces & Flails
    63 | D        | Reached XP level 5. HP: 30/35 MP: 2/5
    75 | D        | Killed an ice beast
    75 | D        | Reached skill level 8 in Maces & Flails
   185 | D        | Found a roughly hewn altar of Beogh.
   185 | D        | Found a snail-covered altar of Cheibriados.
   185 | D        | Found a shadowy altar of Dithmenos.
   185 | D        | Found a white marble altar of Elyvilon.
   185 | D        | Found a blossoming altar of Fedhas.
   185 | D        | Found an opulent altar of Gozag.
   186 | D        | Found a hazy altar of Hepliaklqana.
   187 | D        | Found a viscous altar of Jiyva.
   188 | D        | Found an ancient bone altar of Kikubaaqudgha.
   189 | D        | Found a corrupted altar of Lugonu.
   190 | D        | Found a burning altar of Makhleb.
   191 | D        | Found a sparkling altar of Nemelex Xobeh.
   192 | D        | Found an iron altar of Okawaru.
   193 | D        | Found a stormy altar of Qazlal.
   194 | D        | Found a sacrificial altar of Ru.
   195 | D        | Found a shimmering blue altar of Sif Muna.
   196 | D        | Found a bloodstained altar of Trog.
   197 | D        | Found a hide-covered altar of Uskayaw.
   198 | D        | Found a radiant altar of Vehumet.
   199 | D        | Found an ornate altar of the Wu Jian Council.
   200 | D        | Found a shimmering altar of Xom.
   201 | D        | Found a basalt altar of Yredelemnul.
   202 | D        | Found a glowing silver altar of Zin.
   203 | D        | Found a glowing golden altar of the Shining One.
   233 | D        | Became a worshipper of Ru the Awakened
   285 | D        | Noticed a yak
   285 | D        | Noticed a hungry ghost
   285 | D        | Noticed a hungry ghost
   296 | D        | Killed a yak
   296 | D        | Reached skill level 10 in Maces & Flails
   296 | D        | Reached skill level 5 in Dodging
   296 | D        | Gained mutation: You regenerate a little health from kills.
                  | [Skeleton growth]
   296 | D        | Reached XP level 6. HP: 34/42 MP: 3/6
   312 | D        | Killed a hungry ghost
   312 | D        | Reached skill level 11 in Maces & Flails
   312 | D        | Reached XP level 7. HP: 42/48 MP: 4/7
   325 | D        | Killed a hungry ghost
   327 | D        | Gained mutation: You are somewhat inexperienced. (-2 XL)
                  | [Ru sacrifice]
   327 | D        | Reached XP level 6. HP: 44/44 MP: 4/6
   327 | D        | Reached XP level 5. HP: 38/38 MP: 4/5
   327 | D        | Reached * piety under Ru
   327 | D        | Reached ** piety under Ru
   340 | D        | Noticed a sky beast
   340 | D        | Noticed a centaur
   340 | D        | Noticed a cyclops
   340 | D        | Noticed a cyclops
   345 | D        | Killed a sky beast
   345 | D        | Reached XP level 6. HP: 37/44 MP: 4/6
   351 | D        | Reached skill level 12 in Maces & Flails
   355 | D        | Killed a cyclops
   355 | D        | Reached XP level 7. HP: 49/49 MP: 4/7
   361 | D        | Killed a cyclops
   361 | D        | Reached skill level 13 in Maces & Flails
   361 | D        | Reached skill level 10 in Shields
   361 | D        | Reached XP level 8. HP: 40/56 MP: 3/8
   513 | D        | Noticed a hippogriff
   513 | D        | Noticed a cane toad
   513 | D        | Noticed a hippogriff
   515 | D        | Noticed a cane toad
   517 | D        | Killed a hippogriff
   524 | D        | Reached skill level 14 in Maces & Flails
   528 | D        | Killed a cane toad
   528 | D        | Reached skill level 10 in Armour
   533 | D        | Killed a hippogriff
   533 | D        | Reached XP level 9. HP: 28/61 MP: 4/9
   549 | D        | Killed a cane toad
   549 | D        | Reached skill level 15 in Maces & Flails
   555 | D        | Gained mutation: You are slightly vulnerable to magic.
                  | (MR-) [Ru sacrifice]
   555 | D        | Reached *** piety under Ru
   589 | D        | Noticed a cane toad
   589 | D        | Noticed a cane toad
   590 | D        | Noticed a six-headed hydra
   596 | D        | Reached skill level 10 in Fighting
   602 | D        | Killed a cane toad
   604 | D        | Noticed a komodo dragon
   616 | D        | Killed a six-headed hydra
   616 | D        | Reached skill level 16 in Maces & Flails
   616 | D        | Gained mutation: Your movements are less encumbered by
                  | armour. (ER -4) [Skeleton growth]
   616 | D        | Reached XP level 10. HP: 27/68 MP: 2/10
   618 | D        | Reached skill level 10 in Dodging
   626 | D        | Killed a cane toad
   637 | D        | Slain by a komodo dragon

Skill      XL: |  1  2  3  4  5  6  7  8  9 10 |
---------------+-------------------------------+-----
Maces & Flails | 3 5 6 7 10 12 13 14 16 | 16.4
Dodging        | 1 2 3 5 7 8 9 10 | 10.1
Shields        | 4 5 9 8 10 11 12 | 12.3
Armour         | 4 5 7 9 10 11 | 11.4
Fighting       | 4 5 6 8 9 10 | 10.6

Action                   |  1- 3 |  4- 6 |  7- 9 | 10-12 || total
-------------------------+-------+-------+-------+-------++-------
Melee: Flail             |    25 |    20 |       |       ||    45
       Dire flail        |       |    40 |    87 |    20 ||   147
Invok: Sacrifice Experie |       |     1 |       |       ||     1
       Sacrifice Essence |       |       |     1 |       ||     1
  Use: Scroll            |       |       |     2 |       ||     2
Armor: Scale mail        |     8 |     3 |       |       ||    11
       Plate armour      |       |     9 |    39 |     2 ||    50
Dodge: Dodged            |     6 |    17 |    47 |     6 ||    76
Block: Shield            |    11 |     9 |       |       ||    20
